AoeStats
← Mojo Jojo

MegaRandom

505565485Analyzed
3v3 RM · 24d ago on Sep 10, 2026· 70m 12s· 6 players
Game mode
Random Map
Map size
Normal (6 player)
Population
200
Speed
Normal
Resources
Standard
Victory
Conquest
Starting age
Dark Age
Ending age
Imperial Age
RankedLock teamsTeams togetherTeam positionsShared explorationLock speedFull tech treeHidden civsTurbo modeCheats
Victory
Defeat
🇺🇸 Koreans · United States
1247
+14
🇨🇦 Persians · Canada
1146
+18
🇺🇸 Goths · United States
1133
+18
🇦🇷 Magyars · Argentina
1310
-22
🇦🇷 Jurchens · Argentina
1229
-18
🇦🇷 Hindustanis · Argentina
1019
-10
dbaz84
7:19 Loom
9:27 Feudal Age
15:09 Castle Age
13:17 Double-Bit Axe
18:04 Squires
20:48 Wheelbarrow
20:53 Town Watch
21:02 Gold Mining
27:29 Scale Mail Armor
28:33 Pikeman
29:23 Fletching
29:24 Horse Collar
31:34 Hand Cart
33:38 Scale Barding Armor
34:03 Husbandry
34:19 Town Patrol
35:06 Bloodlines
36:10 Chain Barding Armor
36:48 Forging
38:39 Iron Casting
42:57 Bodkin Arrow
46:22 Imperial Age
44:11 Chain Mail Armor
46:04 Heavy Camel Rider
47:23 Plate Barding Armor
47:49 Blast Furnace
47:26 Heavy Plow
50:00 Stone Mining
50:49 Plate Mail Armor
60:37 Conscription
61:24 Gold Shaft Mining
61:06 Bow Saw
66:12 Two-Man Saw
65:53 Crop Rotation
65:47 Ballistics
66:14 Stone Shaft Mining
65:57 Cavalier
drkbeer
4:34 Loom
11:39 Feudal Age
15:38 Castle Age
13:51 Double-Bit Axe
14:54 Fishing Lines
16:39 Bow Saw
17:53 Wheelbarrow
18:14 Horse Collar
18:59 Gillnets
24:15 Town Watch
25:21 Gold Mining
25:22 Stone Mining
26:04 Heavy Plow
27:01 Crossbowman
27:55 Heated Shot
28:28 Ballistics
28:12 Fletching
29:31 Bodkin Arrow
34:17 Imperial Age
32:47 Masonry
33:45 Thumb Ring
34:08 Pikeman
34:49 Squires
34:29 Arbalester
37:04 Halberdier
38:43 Scale Mail Armor
38:44 Bracer
40:40 Forging
41:25 Chain Mail Armor
43:37 Plate Mail Armor
46:34 Iron Casting
48:30 Conscription
51:33 Chemistry
50:39 Siege Engineers
53:08 Gold Shaft Mining
53:09 Stone Shaft Mining
54:57 Elite Skirmisher
63:53 Eupseong
65:35 Hand Cart
66:36 Heavy Rocket Cart
69:13 Shinkichon
70:53 Architecture
CKWeather
0:50 Loom
10:04 Feudal Age
13:52 Castle Age
14:23 Pikeman
15:25 Double-Bit Axe
20:22 Horse Collar
24:26 Fletching
25:26 Town Watch
25:55 Scale Mail Armor
26:12 Heavy Plow
27:47 Forging
28:02 Squires
28:22 Chain Mail Armor
34:52 Imperial Age
32:24 Anarchy
35:50 Wheelbarrow
34:55 Halberdier
36:15 Iron Casting
36:05 Ballistics
40:19 Gold Mining
40:46 Bow Saw
40:32 Stone Mining
45:14 Blast Furnace
45:42 Hand Cart
45:56 Conscription
46:21 Crop Rotation
48:10 Two-Man Saw
47:35 Elite Skirmisher
48:37 Bodkin Arrow
48:42 Padded Archer Armor
55:07 Bracer
55:23 Leather Archer Armor
58:51 Elite Huskarl
63:39 Ring Archer Armor
70:21 Chemistry
69:18 Murder Holes
69:34 Masonry
69:36 Perfusion
Bellota
0:35 Loom
8:53 Feudal Age
9:33 Double-Bit Axe
13:43 Scale Barding Armor
14:51 Forging
15:40 Bloodlines
20:42 Horse Collar
23:50 Castle Age
24:45 Husbandry
25:06 Chain Barding Armor
25:21 Iron Casting
25:06 Bow Saw
29:10 Wheelbarrow
33:09 Heavy Plow
33:30 Hand Cart
34:26 Town Watch
38:53 Imperial Age
36:18 Gold Mining
40:19 Siege Engineers
40:08 Heavy Rocket Cart
40:09 Capped Ram
41:18 Siege Ram
42:40 Gold Shaft Mining
43:07 Two-Man Saw
43:10 Chemistry
42:27 Scale Mail Armor
43:28 Blast Furnace
42:31 Padded Archer Armor
46:20 Conscription
47:45 Thunderclap Bombs
51:47 Heavy Rocket Cart
55:59 Stone Mining
58:53 Fortified Bastions
59:29 Hoardings
59:08 Masonry
58:50 Fletching
59:16 Leather Archer Armor
62:54 Caravan
70:02 Ring Archer Armor
69:32 Scale Mail Armor
70:33 Blast Furnace
69:45 Gambesons
70:00 Squires
Chiqui Tapia
9:28 Feudal Age
20:24 Castle Age
19:01 Bloodlines
19:26 Double-Bit Axe
23:10 Crossbowman
25:45 Forging
25:48 Scale Barding Armor
25:34 Fletching
33:19 Imperial Age
32:02 Gold Mining
32:48 Medium Warships
38:14 Chemistry
37:10 Heavy Camel Rider
37:48 Bodkin Arrow
38:14 Chain Barding Armor
38:30 Iron Casting
42:06 Thumb Ring
42:21 Bracer
44:50 Conscription
55:40 Imperial Camel Rider
68:44 Blast Furnace
67:45 Padded Archer Armor
Mojo Jojo
0:33 Loom
10:29 Feudal Age
15:08 Castle Age
13:39 Double-Bit Axe
14:08 Gold Mining
16:24 Bow Saw
17:24 Horse Collar
28:17 Imperial Age
26:33 Wheelbarrow
26:17 Heavy Plow
27:03 Husbandry
27:14 Bloodlines
27:19 Scale Barding Armor
27:13 Town Watch
30:14 Two-Man Saw
29:56 Chain Barding Armor
31:54 Plate Barding Armor
31:32 Cavalier
32:26 Fletching
33:20 Bodkin Arrow
35:25 Conscription
37:17 Hand Cart
37:46 Gold Shaft Mining
38:28 Onager
39:55 Paladin
45:21 Elite Magyar Huszar
47:41 Bracer
47:42 Scale Mail Armor
49:40 Padded Archer Armor
49:56 Chain Mail Armor
49:51 Heavy Cavalry Archer
50:57 Parthian Tactics
50:57 Leather Archer Armor
52:14 Thumb Ring
51:31 Elite Skirmisher
52:43 Ring Archer Armor
53:46 Chemistry
52:37 Guard Tower
53:11 Ballistics
55:21 Pikeman
57:08 Crop Rotation
57:03 Halberdier
57:31 Man-at-Arms
57:58 Arson
69:45 Corvinian Army
Connection lost

Rejoining the realm…

Still unreachable

The connection could not be restored.

Session expired

The server has moved on; the page needs a fresh start.